 Dungeon Crawl Stone Soup version 0.29-a0-414-g5075937ec3 (webtiles) character file.

Game seed: 16342781106802050235

2144 Bruhh the Martial Artist (level 9, 0/67 HPs)
             Began as a Djinni Transmuter on May 15, 2022.
             Was an Initiate of Ru.
             Shot with an arrow by a centaur (11 damage)
             ... on level 7 of the Dungeon.
             The game lasted 00:12:17 (9948 turns).

Bruhh the Martial Artist (Djinni Transmuter)        Turns: 9948, Time: 00:12:22

Health: 0/67       AC:  2    Str:  9    XL:     9   Next: 56%
Gold:   373        EV: 20    Int: 17    God:    Ru [......] SH:  0 Dex: 21

rFire   x . .      SeeInvis +     - Unarmed
rCold   + . .      Faith    .   (shield currently unavailable)
rNeg    . . .      Spirit   .   (body armour currently unavailable)
rPois   ∞          Reflect  .   (helmet currently unavailable)
rElec   .          Harm     .   (cloak currently unavailable)
rCorr   .          Rampage  .   (gloves currently unavailable)
Will    .....                   (boots unavailable)
Stlth   ..........              (no amulet)
HPRegen 0.21/turn               t - ring of ice
MPRegen 0.00/turn               e - ring of see invisible

@: lit by a corona, spider-form (expiring), flying, glowing
A: venomous fangs, flying, sickness immunity, tiny, (fire resistance 2), (cold
vulnerability 1), no stealth, float, innate caster, HP casting, extra vitality 1
a: End Transformation, Renounce Religion


You were on level 7 of the Dungeon.
You worshipped Ru.
Ru was noncommittal.
You were a venomous arachnid creature.
You visited 2 branches of the dungeon, and saw 8 of its levels.

You collected 373 gold pieces.

Inventory:

Missiles
 y - 5 poisoned darts
Armour
 a - a +0 robe (melded)
 w - a +1 pair of gloves of hurling (melded)
 A - a +1 hat (melded)
Jewellery
 e - a ring of see invisible (right front leg)
 t - a ring of ice (left front leg)
Wands
 p - a wand of flame (14)
 v - a wand of mindburst (8)
 x - a wand of digging (4)
Scrolls
 d - a scroll of brand weapon
 f - a scroll of amnesia
 g - 4 scrolls of teleportation
 h - a scroll of identify
 k - a scroll of blinking
 l - a scroll of poison
 m - a scroll of torment {unknown}
 o - a scroll of fog {unknown}
 r - 3 scrolls of vulnerability {unknown}
 u - a scroll of immolation {unknown}
Potions
 b - a potion of lignification
 c - a potion of attraction {unknown}
 i - 3 potions of heal wounds
 j - 3 potions of might {unknown}
 n - a potion of brilliance {unknown}
 q - a potion of haste {unknown}
 s - 2 potions of mutation {unknown}
 z - 2 potions of curing {unknown}


   Skills:
 + Level 6.6 Fighting
 - Level 2.1 Dodging
 - Level 10.0 Unarmed Combat
 - Level 3.0 Spellcasting


You couldn't memorise any spells.
You knew the following spells:

 Your Spells              Type           Power      Damage    Failure   Level
a - Beastly Appendage     Tmut           24%        N/A       14%         1
b - Wereblood             Tmut           12%        N/A       21%         2
c - Spider Form           Tmut/Pois      12%        N/A       34%         3
d - Ice Form              Ice/Tmut       19%        N/A       67%         4
e - Freeze                Ice            76%        1d9       14%         1
f - Blink                 Tloc           24%        N/A       21%         2
g - Scorch                Fire           24%        2d6       21%         2
h - Dazzling Flash        Conj/Hex       24%        N/A       34%         3
Your spell library was empty.

Dungeon Overview and Level Annotations

Branches:
Dungeon (7/15)             Temple (1/1) D:5

Altars:
Ashenzari
Cheibriados
Dithmenos
Elyvilon
Fedhas
Gozag
Hepliaklqana
Kikubaaqudgha
Makhleb
Nemelex Xobeh
Okawaru
Qazlal
Ru
Sif Muna
Trog
Uskayaw
Vehumet
Wu Jian
Xom
Yredelemnul
Zin
The Shining One

Annotations:
D:2 1 runed translucent door, Crazy Yiuf


Innate Abilities, Weirdness & Mutations

You are a venomous arachnid creature.
You have poisonous fangs.
You are tiny and dextrous.
You are flying.
Your spellcasting is less reliable in this form.
Your armour is entirely melded.
You are incapable of wielding weapons or throwing items.
You are immune to sickness and miasma.
You are immune to poison.
((Your flesh is very heat resistant. (rF++)))
((You are vulnerable to cold. (rC-)))
You cannot be stealthy.
You float through the air rather than walking.
You learn spells naturally, not from books.
Your magical power is your life essence.
You have superior vitality. (+4 MHP)


Message History

A gnoll shaman comes into view. It is wielding a +0 whip.
The gnoll shaman shouts!
You bite the gnoll!
The gnoll looks as sick as possible!
The gnoll is almost dead.
You kill the gnoll!
A gnoll comes into view. It is wielding a +0 club.
The gnoll shouts!
The centaur wields a +0 shortbow.
The centaur shoots an arrow.
The arrow barely misses you.
The centaur shoots an arrow.
The arrow hits you.
Things that are here:
a +0 whip; a gnoll corpse The centaur shoots an arrow.
The arrow misses you.
You hit the gnoll.
The gnoll is poisoned.
The gnoll is lightly wounded.
The gnoll closely misses you.
The gnoll shaman calls upon its god to speed up the gnoll.
The gnoll seems to speed up.
You hit the gnoll.
The gnoll looks as sick as possible!
The gnoll is heavily wounded.
The gnoll hits you with a +0 club.
The centaur shoots an arrow.
The arrow hits you!
The gnoll shaman invokes the aid of its god against you.
You are outlined in light.
You bite the gnoll!
You kill the gnoll!
Your transformation is almost over.
The centaur shoots an arrow.
The arrow hits you!
The gnoll shaman hits you with a +0 whip!
You hit the gnoll shaman.
The gnoll shaman is poisoned.
The gnoll shaman is lightly wounded.
The centaur shoots an arrow.
The arrow hits you.
* * * LOW HITPOINT WARNING * * *
The gnoll shaman hits you but does no damage.
You hit the gnoll shaman.
The gnoll shaman looks as sick as possible!
The gnoll shaman is moderately wounded.
The centaur shoots an arrow.
The arrow hits you!
* * * LOW HITPOINT WARNING * * *
The centaur shoots an arrow.
The arrow hits you!
You die...

..... #.. #.... ....
#...# .... ##...#.....
....#....# .. ........#
..# #ggc...# #..# ##s.#
#..# #..## .### 5#
#..###)## .... .. #..#..#
# .. #. #.....## . .. #
#. .####.....## ##.# #.
## #. #.......#..###.##
#.###. .
###.####..#..##......#
#....
..#....###..##...#.##..##
#....


You could see a centaur, a gnoll shaman (extremely poisoned) and a gnoll.

Vanquished Creatures
  Edmund (D:5)
  A water moccasin (D:5)
  An ice beast (D:6)
  A sky beast (D:6)
  An orc warrior (D:3)
  2 ogres
  A phantom (D:4)
  2 kobold brigands (D:6)
  A bullfrog (D:6)
  5 necrophages
  A gnoll sergeant (D:6)
  A scorpion (D:5)
  4 wights
  2 howler monkeys (D:4)
  An orc priest (D:3)
  2 hounds (D:5)
  A jelly (D:6)
  An iguana (D:2)
  Jessica (D:2)
  Ijyb (D:5)
  An orc wizard (D:6)
  7 gnolls
  10 adders
  A shadow imp (D:5)
  2 ufetubi
  2 worms
  2 dart slugs
  12 orcs
  4 bats
  6 endoplasms
  2 giant cockroaches (D:2)
  7 goblins
  6 hobgoblins
  4 quokkas
  5 ball pythons
  3 frilled lizards
  16 kobolds
  7 rats
128 creatures vanquished.

Vanquished Creatures (others)
  5 plants (D:5)
5 creatures vanquished.

Grand Total: 133 creatures vanquished

Notes
Turn   | Place    | Note
-------+----------+-------------------------------------------
     0 | D:1      | Bruhh the Djinni Transmuter began the quest for the Orb.
     0 | D:1      | Reached XP level 1. HP: 17/17 MP: 0/0
   352 | D:1      | Reached XP level 2. HP: 14/22 MP: 0/0
   862 | D:1      | Found a faded altar of an unknown god.
  1171 | D:2      | Noticed Jessica
  1176 | D:2      | Killed Jessica
  1177 | D:2      | Reached XP level 3. HP: 26/27 MP: 0/0
  1177 | D:2      | Learned a level 1 spell: Freeze
  1221 | D:2      | Reached XP level 4. HP: 4/32 MP: 0/0
  1802 | D:2      | Reached skill level 4 in Unarmed Combat
  2153 | D:1      | Reached XP level 5. HP: 8/37 MP: 0/0
  2153 | D:1      | Learned a level 2 spell: Blink
  2653 | D:2      | Found a runed translucent door.
  2654 | D:2      | Noticed Crazy Yiuf
  3673 | D:3      | Reached skill level 5 in Unarmed Combat
  3673 | D:3      | Reached XP level 6. HP: 31/42 MP: 0/0
  3988 | D:4      | Noticed an orc warrior
  4011 | D:3      | Killed an orc warrior
  4012 | D:3      | Reached skill level 6 in Unarmed Combat
  4014 | D:3      | Reached XP level 7. HP: 20/47 MP: 0/0
  4014 | D:3      | Learned a level 2 spell: Scorch
  4708 | D:4      | Reached skill level 7 in Unarmed Combat
  5511 | D:4      | Reached skill level 8 in Unarmed Combat
  5511 | D:4      | Reached XP level 8. HP: 44/52 MP: 0/0
  5541 | D:5      | Entered Level 5 of the Dungeon
  5617 | D:5      | Noticed Edmund
  5632 | D:5      | Killed Edmund
  5695 | D:5      | Reached skill level 9 in Unarmed Combat
  5967 | D:5      | Found a staircase to the Ecumenical Temple.
  5980 | Temple   | Entered the Ecumenical Temple
  6163 | Temple   | Became a worshipper of Ru the Awakened
  6614 | D:5      | Noticed Ijyb
  6626 | D:5      | Killed Ijyb
  8038 | D:6      | Reached XP level 9. HP: 37/61 MP: 0/0
  8038 | D:6      | Learned a level 3 spell: Dazzling Flash
  8479 | D:6      | Found a glowing silver altar of Zin.
  8592 | D:6      | Reached skill level 10 in Unarmed Combat
  8971 | D:6      | Reached skill level 5 in Fighting
  9713 | D:6      | Gained mutation: You cannot be stealthy. [Ru sacrifice]
  9948 | D:7      | Shot with an arrow by a centaur

Illustrated notes

Levels and vault maps discovered:
D:1:      lightli_iron_boxes, layout_loops_ring,
          chequers_ecumenical_altar_simple_redux, dk_noncrumbling_2
D:2:      layout_rooms, amethyst_killhole, uniq_crazy_yiuf_cottage, uniq_jessica
D:3:      layout_rooms, grunt_decor_junction
D:4:      layout_basic, hangedman_decor_lopped
D:5:      layout_basic, minmay_temple_entry_overgrown, nrook_mini_vaults,
          uniq_edmund, uniq_ijyb
D:6:      layout_rooms, lemuel_coloured_pillars_altar
D:7:      layout_layer_cave, serial_shops, nicolae_shop_trees
Temple:   mainiacjoe_temple_starburst

Skill      XL: |  1  2  3  4  5  6  7  8  9 |
---------------+----------------------------+-----
Spellcasting   | 2 3 |  3.0
Unarmed Combat | 4 5 6 8 9 10 | 10.0
Fighting       | 3 6 |  6.6
Dodging        | |  2.1

Action                   |  1- 3 |  4- 6 |  7- 9 || total
-------------------------+-------+-------+-------++-------
Melee: Unarmed           |    77 |   142 |   240 ||   459
       Headbutt          |    13 |    20 |       ||    33
       Punch             |     4 |     6 |       ||    10
 Cast: Beastly Appendage |    13 |    26 |     4 ||    43
       Spider Form       |       |     1 |    32 ||    33
Invok: Sacrifice Stealth |       |       |     1 ||     1
  Use: Potion            |       |     2 |     1 ||     3
       Scroll            |       |       |     5 ||     5
Armor: Robe              |    12 |    17 |    10 ||    39
       Skin              |       |       |    10 ||    10
Dodge: Dodged            |    50 |   104 |   236 ||   390

Table legend: (Time is in decaauts)
 A = Elapsed time spent in this place.
 B = Non-inter-level travel time spent in this place.
 C = Inter-level travel time spent in this place.
 D = Time resting spent in this place.
 E = Time spent auto-exploring this place.
 F = Levels seen in this place.
 G = Mean time per level.
                   A        B        C        D        E       F      G
               +--------+--------+--------+--------+--------+-----+--------+
         Total |   9899 |   9610 |    289 |   2414 |   6116 |   8 | 1237.4 |
       Dungeon |   9268 |   9065 |    203 |   2414 |   5590 |   7 | 1324.0 |
        Temple |    630 |    544 |     86 |      0 |    526 |   1 |  630.0 |
               +--------+--------+--------+--------+--------+-----+--------+

Top non-repeatable levels by time:
     D:5: 2075 daAuts
     D:1: 1989 daAuts
     D:6: 1543 daAuts
     D:3: 1400 daAuts
     D:2: 1153 daAuts
     D:4: 976 daAuts
  Temple: 630 daAuts
     D:7: 128 daAuts
